 Dungeon Crawl Stone Soup version 0.32-a0-119-g2e8054a333 (webtiles) character file.

Game seed: 6070534065246314034

803166 Ge0ff the Sorcerer (level 27, -8/201 HPs)
             Began as a Mummy Artificer on Feb 5, 2024.
             Was an Initiate of Gozag.
             Killed from afar by a purple draconian shifter (32 damage)
             ... with a bolt of dispelling energy
             ... on level 27 of a ziggurat on Feb 6, 2024.
             The game lasted 05:10:30 (133021 turns).

Ge0ff the Sorcerer (Mummy Artificer)              Turns: 133021, Time: 05:10:30

Health: -8/201     AC: 11    Str: 16    XL:     27
Magic:  16/62      EV: 20    Int: 32    God:    Gozag
Gold:   26         SH: 11    Dex: 24    Spells: 6/78 levels left

rFire   + . .        a - staff of the Middle {Fly rElec rF+ Fire Air}
rCold   + . .        u - +3 buckler {reflect}
rNeg    + + +        R - +0 robe of the Saviour {rPois Int+3 Archmagi}
rPois   ∞            K - +2 helmet {Int+3}
rElec   +            p - +2 cloak {rCorr}
rCorr   +            W - +2 pair of gloves of Incorporation {*Slow Will+ Dex+4 SInv}
SInv    +            L - +1 pair of boots of the Quahog {^Contam rN+ Int+2}
Will    ++++.        A - amulet of regeneration
Stlth   +++          N - ring "Rahae" {rF+ Int+5 Slay+3}
HPRegen 1.33/turn    x - ring "Niytawugg" {Wiz MP+9 Int+3, =R}
MPRegen 0.38/turn

%: slow self (1%), reflection, faith, wizardry (x1), archmagi
@: corroded, gold aura, flying, slowed, studying 2 skills, very slow
A: cold resistance 1, negative energy resistance 3, torment resistance 2, heat
vulnerability 1, in touch with death 2, no potions, faith
}: 5/15 runes: barnacled, slimy, silver, abyssal, gossamer
a: Renounce Religion, Potion Petition, Call Merchant, Bribe Branch


You were on level 27 of a ziggurat.
You worshipped Gozag.
Gozag was noncommittal.
You visited 14 branches of the dungeon, and saw 58 of its levels.
You visited the Abyss 2 times.
You visited 1 ziggurat, and saw 27 of its levels.
You also visited: Trove, Ossuary, Ice Cave and Volcano.

You collected 32630 gold pieces.
You spent 2470 gold pieces at shops.
You paid 30134 gold pieces to Gozag.

Inventory:

Hand Weapons
 c - a +9 demon trident of electrocution
 w - the +8 demon trident "Rift" {distort, reach+}
   (You found it on level 13 of a ziggurat)
Missiles
 g - a throwing net {=F}
 h - 4 darts of dispersal
 r - 22 javelins
 v - 15 curare-tipped darts {=F}
 H - 25 silver javelins
 M - 77 boomerangs
Armour
 i - the +5 robe of Night {Dark Will+ SInv}
   (You found it on level 5 of a ziggurat)

   Dark:      It shrouds the wearer in darkness, reducing the range at which
   they can see and be seen by others.
   Will+:     It increases your willpower.
   SInv:      It lets you see invisible.
 o - the +4 robe of Folly {Brill Will-∞ Int+8}
   (You found it on level 3 of the Crypt)

   Brill:     It increases the power of your magical spells and halves their MP
   cost (rounding up).
   Will-∞: It reduces your willpower to zero.
   Int+8:     It affects your intelligence (+8).
 p - a +2 cloak of preservation (worn)
 u - a +3 buckler of reflection (worn)
 D - an orb of mayhem
 K - a +2 helmet of intelligence (worn)
 L - the +1 pair of boots of the Quahog (worn) {^Contam rN+ Int+2}
   (You found it on level 2 of the Elven Halls)

   Int+2:     It affects your intelligence (+2).
   rN+:       It protects you from negative energy.
   ^Contam:   It causes magical contamination when unequipped.
 R - the +0 robe of the Saviour (worn) {rPois Int+3 Archmagi}
   (You found it on level 2 of the Depths)

   Int+3:     It affects your intelligence (+3).
   rPois:     It protects you from poison Archmagi: It increases the power of
   your magical spells.
 W - the +2 pair of gloves of Incorporation (worn) {*Slow Will+ Dex+4 SInv}
   (You found it on level 3 of the Crypt)

   Dex+4:     It affects your dexterity (+4).
   Will+:     It increases your willpower.
   SInv:      It lets you see invisible.
   *Slow:     It may slow you when you take damage.
 X - a +3 leather armour of resistance
Magical Staves
 a - the staff of the Middle (weapon) {Fly rElec rF+ Fire Air}
   (You found it on level 22 of a ziggurat)

   [staff of fire]

   Base accuracy: +5 Base damage: 5 Base attack delay: 1.2 This weapon's minimum
   attack delay (0.6) is reached at skill level 12.
   rF+:       It protects you from fire.
   rElec:     It insulates you from electricity.
   Fly:       It grants you flight.
   Fire:      It increases the power of your Fire spells.
   Air:       It increases the power of your Air spells.
   It falls into the 'Staves' category.
   It is a one-handed weapon.
 b - the staff of Annoyance {rF+ SInv Fire}
   (You found it on level 1 of the Crypt)

   [staff of fire]

   Base accuracy: +5 Base damage: 5 Base attack delay: 1.2 This weapon's minimum
   attack delay (0.6) is reached at skill level 12.
   rF+:       It protects you from fire.
   SInv:      It lets you see invisible.
   Fire:      It increases the power of your Fire spells.
   It falls into the 'Staves' category.
   It is a one-handed weapon.
Jewellery
 x - the ring "Niytawugg" (right hand) {Wiz MP+9 Int+3, =R}
   (You found it on level 8 of the Dungeon)

   [ring of wizardry]

   Wiz:       It improves your spell success rate.
   Int+3:     It affects your intelligence (+3).
   MP+9:      It affects your magic capacity (+9).
 z - the ring of Tituv {Fly Will+ Stlth+}
   (You acquired it in a treasure trove)

   [ring of flight]

   Will+:     It increases your willpower.
   Fly:       It grants you flight.
   Stlth+:    It makes you more stealthy.
 A - an amulet of regeneration (around neck)
 I - the ring of Rien {+Blink rPois rCorr Int+6 Stlth+}
   (You found it on level 15 of a ziggurat)

   [ring of intelligence]

   Int+6:     It affects your intelligence (+6).
   rPois:     It protects you from poison +Blink: It lets you blink.
   rCorr:     It protects you from acid and corrosion.
   Stlth+:    It makes you more stealthy.
 N - the ring "Rahae" (left hand) {rF+ Int+5 Slay+3}
   (You found it on level 1 of the Shoals)

   [ring of protection from fire]

   Int+5:     It affects your intelligence (+5).
   Slay+3:    It affects your accuracy & damage with ranged weapons and melee
   (+3).
   rF+:       It protects you from fire.
 Q - the ring "Qoasajy" {rElec rN+ Str+5 Slay+3}
   (You found it on level 3 of the Crypt)

   [ring of positive energy]

   Str+5:     It affects your strength (+5).
   Slay+3:    It affects your accuracy & damage with ranged weapons and melee
   (+3).
   rElec:     It insulates you from electricity.
   rN+:       It protects you from negative energy.
Wands
 d - a wand of digging (17)
 e - a wand of charming (92)
 f - a wand of flame (163)
 j - a wand of quicksilver (31)
 k - a wand of iceblast (54)
 s - a wand of mindburst (53)
 P - a wand of polymorph (41)
Scrolls
 m - 12 scrolls of revelation
 q - 10 scrolls of enchant armour
 y - 3 scrolls of immolation
 B - a scroll of blinking
 C - a scroll of poison
 E - 4 scrolls of fear
 F - 7 scrolls of fog
 J - 6 scrolls of silence {!r}
 S - a scroll of butterflies
 T - 24 scrolls of teleportation
 V - 17 scrolls of vulnerability
 Y - 7 scrolls of amnesia
 Z - 5 scrolls of torment
Miscellaneous
 l - a lightning rod (4/4)
 n - a phial of floods
 t - a tin of tremorstones (2/2)
 G - the horn of Geryon
 O - a box of beasts
 U - a phantom mirror


   Skills:
 - Level 13.5 Fighting
 - Level 10.0 Long Blades
 - Level 6.0 Throwing
 - Level 8.8 Armour
 - Level 10.0 Dodging
 - Level 4.0 Stealth
 - Level 10.0 Shields
 - Level 26.0 Spellcasting
 - Level 22.0 Conjurations
 - Level 4.5 Summonings
 - Level 11.0 Necromancy
 - Level 4.2 Translocations
 + Level 16.6 Fire Magic
 - Level 22.0 Air Magic
 - Level 5.0 Earth Magic
 - Level 10.0 Alchemy
 - Level 1.0 Invocations
 - Level 13.5 Evocations


You had 6 spell levels left.
You knew the following spells:

 Your Spells              Type           Power      Damage    Failure   Level
e - Irradiate             Conj/Alch      60%        3d31      1%          5
g - Apportation           Tloc           100%       N/A       1%          1
h - Lee's Rapid Deconstr  Erth           42%        3d20*     1%          5
i - Ignition              Fire           73%        3d19      1%          8
j - Vampiric Draining     Necr           100%       2d13      0%          3
l - Chain Lightning       Conj/Air       80%        3d106     3%          9
m - Plasma Beam           Fire/Air       90%        2x1d109   1%          6
n - Dispel Undead         Necr           100%       3d31      1%          4
s - Maxwell's Capacitive  Air            80%        ∞         1%          8
w - Passwall              Erth           84%        N/A       1%          3
B - Blink                 Tloc           100%       N/A       1%          2
C - Fire Storm            Conj/Fire      76%        8d19      11%         9
E - Arcjolt               Conj/Air       80%        1d90      0%          5
J - Airstrike             Air            80%        2d(12-28) 0%          4

Your spell library contained the following spells:

 Spells                   Type           Power      Damage    Failure   Level
 Foxfire                  Conj/Fire      100%       2x1d9     0%          1
 Kiss of Death            Conj/Necr      100%       2d13      0%          1
 Magic Dart               Conj           100%       1d8       0%          1
 Necrotise                Necr           100%       1d9       0%          1
 Shock                    Conj/Air       100%       1d9       0%          1
 Sting                    Conj/Alch      100%       1d9       0%          1
 Cigotuvi's Dreadful Rot  Necr/Alch/Air  100%       N/A       0%          2
 Mercury Vapours          Alch/Air       100%       N/A       0%          2
 Momentum Strike          Conj/Tloc      100%       3d10      0%          2
 Scorch                   Fire           100%       2d9       0%          2
 Searing Ray              Conj           100%       2d8       0%          2
 Static Discharge         Conj/Air       100%       3-8/arc   0%          2
 Dazzling Flash           Conj/Hex       100%       N/A       0%          3
 Fugue of the Fallen      Necr           100%       N/A       0%          3
 Hailstorm                Conj/Ice       100%       3d16      0%          3
 Mephitic Cloud           Conj/Alch/Air  100%       N/A       0%          3
 Stone Arrow              Conj/Erth      100%       3d13      0%          3
 Swiftness                Air            100%       N/A       0%          3
 Flame Wave               Conj/Fire      100%       2d21      0%          4
 Fulminant Prism          Conj/Alch      60%        3d26      0%          4
 Fireball                 Conj/Fire      76%        3d28      0%          5
 Iskenderun's Battlesphe  Conj           100%       2d15      0%          5
 Conjure Ball Lightning   Conj/Air       80%        3x3d30    0%          6
 Freeze                   Ice            100%       1d10      1%          1
 Sandblast                Erth           100%       2d20      1%          1
 Slow                     Hex            100%       N/A       1%          1
 Summon Small Mammal      Summ           100%       N/A       1%          1
 Call Imp                 Summ           100%       N/A       1%          2
 Ensorcelled Hibernation  Hex/Ice        100%       N/A       1%          2
 Jinxbite                 Hex            100%       N/A       1%          2
 Lesser Beckoning         Tloc           100%       N/A       1%          2
 Call Canine Familiar     Summ           82%        N/A       1%          3
 Confusing Touch          Hex            58%        N/A       1%          3
 Frozen Ramparts          Ice            100%       1d16      1%          3
 Gell's Gravitas          Tloc           80%        N/A       1%          3
 Inner Flame              Hex/Fire       100%       N/A       1%          3
 Ozocubu's Armour         Ice            58%        N/A       1%          3
 Sigil of Binding         Hex            58%        N/A       1%          3
 Teleport Other           Tloc           80%        N/A       1%          3
 Tukima's Dance           Hex            58%        N/A       1%          3
 Volatile Blastmotes      Fire/Tloc      100%       2d18      1%          3
 Anguish                  Hex/Necr       65%        N/A       1%          4
 Animate Armour           Summ/Erth      100%       N/A       1%          4
 Brom's Barrelling Bould  Conj/Erth      100%       2d11      1%          4
 Dimensional Bullseye     Hex/Tloc       35%        N/A       1%          4
 Iskenderun's Mystic Bla  Conj/Tloc      100%       2d19      1%          4
 Leda's Liquefaction      Alch/Erth      47%        N/A       1%          4
 Manifold Assault         Tloc           80%        N/A       1%          4
 Martyr's Knell           Necr/Summ      100%       N/A       1%          4
 Olgreb's Toxic Radiance  Alch           100%       N/A       1%          4
 Passage of Golubria      Tloc           80%        N/A       1%          4
 Petrify                  Alch/Erth      94%        N/A       1%          4
 Sticky Flame             Fire/Alch      100%       2d15      1%          4
 Summon Blazeheart Golem  Fire/Summ      100%       N/A       1%          4
 Summon Lightning Spire   Summ/Air       100%       N/A       1%          4
 Vhi's Electric Charge    Tloc/Air       100%       N/A       1%          4
 Alistair's Intoxication  Alch           68%        N/A       1%          5
 Borgnjor's Vile Clutch   Necr/Erth      71%        N/A       1%          5
 Curse of Agony           Necr           100%       N/A       1%          5
 Freezing Cloud           Conj/Ice/Air   70%        6-21      1%          5
 Silence                  Hex/Air        64%        N/A       1%          5
 Summon Forest            Summ/Tloc      40%        N/A       1%          5
 Bombard                  Conj/Erth      56%        9d9       1%          6
 Death Channel            Necr           77%        N/A       1%          6
 Starburst                Conj/Fire      76%        6d20      1%          6
 Cause Fear               Hex            29%        N/A       2%          4
 Summon Mana Viper        Hex/Summ       71%        N/A       3%          5
 Sculpt Simulacrum        Ice/Alch       42%        N/A       6%          6
 Dispersal                Tloc           40%        N/A       8%          6
 Lehudib's Crystal Spear  Conj/Erth      56%        10d13     8%          8
 Haunt                    Necr/Summ      71%        N/A       10%         7
 Infestation              Necr           77%        N/A       21%         8
 Summon Hydra             Summ           41%        N/A       34%         7
 Malign Gateway           Summ/Tloc      40%        N/A       36%         7
 Enfeeble                 Hex            29%        N/A       90%         7
 Ozocubu's Refrigeration  Ice            29%        4d13      90%         7
 Summon Horrible Things   Summ           41%        N/A       94%         8
 Disjunction              Tloc           40%        N/A       95%         8
 Discord                  Hex            29%        N/A       100%        8
 Polar Vortex             Ice            29%        12d3*     100%        9
 Shatter                  Erth           42%        3d33*     100%        9
 Sublimation of Blood     Necr           Unusable   N/A       N/A         2
 Animate Dead             Necr           Unusable   N/A       N/A         4

Dungeon Overview and Level Annotations

Branches:
Dungeon (15/15) Zot: 22832  Temple (1/1) D:5 Zot: 5940    Lair (5/5) D:10 Zot: 20797
 Shoals (4/4) Lair:2 Zot: 9211  Spider (4/4) Lair:3 Zot: 11807   Slime (5/5) Lair:4 Zot: 25512
    Orc (2/2) D:9 Zot: 7852     Elf (3/3) Orc:2 Zot: 7493  Vaults (5/5) D:13 Zot: 15004
  Crypt (3/3) Vaults:3 Zot: 10377    Tomb (1/3) Crypt:3 Zot: 3941  Depths (4/4) D:15 Zot: 13733
   Hell (visited)             Dis (0/7) Hell            Geh (0/7) Hell
    Coc (0/7) Hell            Tar (0/7) Hell            Zot (5/5) Depths:4 Zot: 17527
Ossuary (visited)           IceCv (visited)         Volcano (visited)

Altars:
Ashenzari
Cheibriados
Dithmenos
Fedhas
Gozag
Hepliaklqana
Kikubaaqudgha
Makhleb
Nemelex Xobeh
Okawaru
Qazlal
Ru
Sif Muna
Trog
Uskayaw
Vehumet
Wu Jian
Xom
Yredelemnul
Jiyva

Shops:
D:12 *   Orc:2 [(!*(   Elf:1 [*=[   Elf:2 :   Shoals:1 !   Shoals:2 (
Shoals:4 *   Vaults:2 [*?   Vaults:3 :   Zot:1 =   Depths:3 *

Portals:
Hell: Depths:1 Depths:2 Depths:3 Depths:4
Abyss: Depths:3
Pandemonium: Depths:2

Annotations:
Slime:5 Royal Jelly


Innate Abilities, Weirdness & Mutations

You are immune to poison.
Your flesh is cold resistant. (rC+)
You are immune to negative energy. (rN+++)
You are immune to unholy pain and torment.
You are vulnerable to heat. (rF-)
You are strongly in touch with the powers of death.
You do not drink.
You have a special connection with the divine. (Faith)


Message History

The red draconian scorcher is no longer distracted by gold.
The yellow draconian is no longer distracted by gold.
The black draconian knight casts a spell.
The black draconian knight flickers and vanishes for a moment.
The green draconian is engulfed in blazing flames.
The yellow draconian annihilator mumbles some strange words.
The yellow draconian annihilator blinks!
The black draconian knight wails, "Oh dear!
Oh dear!"
The black draconian knight casts a spell.
The black draconian knight flickers and vanishes for a moment.
The purple draconian shifter is engulfed in blazing flames.
The black draconian is engulfed in blazing flames.
A red draconian comes into view.
It is wielding a +1 long sword of draining.
Casting: Ignition (dangerous; 1% risk of failure)
Confirm with . or Enter, or press ? or * to list all spells.
Aiming: Fire Storm (dangerous; 11% risk of failure)
Press: ? - help, Dir - move target You feel a strong surge of power!
A raging storm of fire appears!
The great blast of fire engulfs the purple draconian!!!!
You kill the purple draconian!
The great blast of fire engulfs the red draconian scorcher!!!
The red draconian scorcher partially resists.
You kill the red draconian scorcher!
The great blast of fire engulfs the purple draconian shifter!!!
The purple draconian shifter is severely wounded.
The great blast of fire engulfs the red draconian scorcher!!!
The red draconian scorcher partially resists.
You kill the red draconian scorcher!
The great blast of fire engulfs the white draconian stormcaller!!!
You kill the white draconian stormcaller!
The great blast of fire engulfs the black draconian knight!!!!
The black draconian knight is almost dead.
Your attack snaps the black draconian knight out of its fear.
The great blast of fire engulfs the red draconian!!!!
The red draconian partially resists.
The red draconian is almost dead.
The great blast of fire engulfs the black draconian knight!!!
You kill the black draconian knight!
The purple draconian shifter is no longer distracted by gold.
The black draconian is engulfed in blazing flames.
The purple draconian shifter is engulfed in blazing flames.
The purple draconian shifter begs, "Please don't kill me!"
Cornered, the purple draconian shifter turns to fight!
The purple draconian shifter casts a spell at you.
You blink.
Something hits your fire vortex! x2
The purple draconian shifter breathes dispelling energy at you.
The bolt of dispelling energy hits you!!
Your magical effects are unravelling.
You die...
Your body crumbles into a pile of gold.

▓▓▓
▓▓▓▓▓▓▓▓$▓▓▓▓▓▓▓▓▓
.......@.$.[.....▓
........○°$).$....
...$..$§..$..$q.$.
$....$$.$)..[.$...
......○°.$.$[☼§..≈
...☼..$)$$○○§☼☼q.≈
..)☼)..§q☼vv○☼°[$§
..d.$).)..q☼v§○.q§
....
.§.....)..☼☼○q☼


You could see a black draconian knight (fast, invisible), a black draconian
(fleeing), a purple draconian shifter (catching breath), a yellow draconian
annihilator (inner flame) and 3 friendly fire vortices.

Vanquished Creatures
  4 dread liches
  The ghost of Fuysiosk the Acolyte, a legendary OnFi of the Shining One (Zot:4)
  The ghost of Uqizxu the Hoplite, a master OnFi of Okawaru (Zot:1)
  2 orbs of fire (Zot:5)
  9 ancient liches
  14 royal mummies
  Boris (twice) (Vaults:4 Depths:4)
  Bai Suzhen (Depths:1)
  4 shard shrikes (Zig:22)
  4 pandemonium lords
  7 Killer Klowns
  2 curse toes
  The ghost of eruonna the Slayer, a veteran HOBe of Trog (Vaults:3)
  The ghost of eruonna the Slayer, a veteran HOBe of Trog (Vaults:2)
  Geryon (Hell)
  12 golden dragons
  Nikola (Shoals:3)
  The ghost of Etzesk the Imperceptible, a veteran TeGl of Uskayaw (Depths:1)
  Norris (Vaults:3)
  3 electric golems
  3 Tzitzimimeh
  An iron giant (Zig:21)
  10 Brimstone Fiends
  3 hellephants
  26 tentacled monstrosities
  8 liches
  7 Hell Sentinels
  Jorgrun (Spider:2)
  7 Ice Fiends
  The ghost of Heruu the Marksminotaur, an adept MiHu of Okawaru (Elf:2)
  25 Orb Guardians (Zot:5)
  Asterion (Depths:1)
  4 deep elf blademasters
  2 tentacled starspawn (Abyss:3)
  7 titans
  2 deep elf master archers (Elf:3)
  11 sphinxes
  2 searing wretches (Zig:9)
  6 Executioners
  Polyphemus (Shoals:2)
  10 quicksilver dragons
  11 acid blobs
  The ghost of Kifroibbe the Severer, an adept DsMo of Nemelex Xobeh (Shoals:1)
  Frances (Spider:2)
  8 death cobs
  7 ancient champions
  The ghost of Jano the Brawler, an adept TrFi of Okawaru (Spider:1)
  13 shadow dragons
  18 storm dragons
  2 thorn hunters
  A revenant (Hell)
  11 draconian monks
  3 tengu reavers
  4 azure jellies
  Agnes (Elf:1)
  Ilsuiw (Shoals:3)
  2 fenstrider witches (Zig:3)
  3 rockslimes
  7 demonspawn warmongers
  15 draconian knights
  6 nagarajas
  8 fire giants
  4 frost giants
  15 deep elf sorcerers
  13 draconian shifters
  A quicksilver elemental (Zig:18)
  17 vault wardens
  10 narguns (Zig:22)
  Louise (Elf:2)
  6 protean progenitors
  A juggernaut zombie (Zig:20)
  A caustic shrike zombie (Zig:20)
  10 draconian scorchers
  14 balrugs
  8 ghost moths
  6 emperor scorpions
  3 curse skulls
  4 deep elf elementalists
  2 ghouls (Crypt:2)
  2 angels (Depths:3)
  9 cacodemons
  3 demonspawn corrupters
  An orc warlord (Vaults:2)
  14 stone giants
  The ghost of anet the Severer, a journeyman HOCj of Hepliaklqana (Orc:2)
  2 quicksilver oozes (Zig:13)
  18 ironbound preservers
  11 reapers
  2 formless jellyfish
  8 ironbound thunderhulks
  7 draconian annihilators
  8 demonspawn blood saints
  8 draconian stormcallers
  25 very ugly things
  4 broodmothers
  2 juggernaut skeletons
  A putrid mouth (Zig:18)
  A caustic shrike skeleton (Zig:20)
  9 vampire knights
  The ghost of Luihuable the Impaler, a journeyman MiBe of Trog (Elf:1)
  7 deep elf death magi
  13 green draconians
  10 demonspawn black suns
  5 spark wasps
  9 black draconians
  6 deep elf demonologists
  8 lorocyprocas
  17 white draconians
  12 dire elephants
  6 bennus (Zig:20)
  11 red draconians
  6 starcursed masses (Abyss:3)
  A bunyip (Zig:7)
  12 purple draconians
  8 war gargoyles
  12 deep elf annihilators
  13 yellow draconians
  11 wendigos (Zig:22)
  Azrael (Spider:1)
  2 minotaurs (D:11)
  Snorg (D:13)
  12 green deaths
  2 iron golems (Hell)
  6 entropy weavers
  14 mummy priests
  8 ettins
  6 merfolk javelineers
  10 merfolk impalers
  A crystal guardian (Zig:21)
  13 blizzard demons
  A spectral golden dragon (Zot:1)
  8 eidola
  7 yaktaur captains
  The ghost of Dawoas the Carver, a journeyman VSEn of Uskayaw (Lair:4)
  9 fire dragons
  14 jiangshi
  7 deep elf high priests
  35 vault guards
  A spriggan zombie (Crypt:2)
  Fannar (Orc:1)
  3 ogre magi
  2 jorogumos
  5 great orbs of eyes
  A quicksilver dragon skeleton (Zig:20)
  2 hydras (Lair:3)
  16 centaur warriors
  9 hell beasts
  11 ice dragons
  2 anacondas (Zig:12)
  3 spriggan skeletons
  6 rakshasas
  A ghost crab (Zig:7)
  4 spriggan air magi
  A merfolk avatar (Shoals:2)
  3 merfolk aquamancers
  2 radroaches
  7 ironbound frosthearts
  A catoblepas (Shoals:2)
  3 two-headed ogres (shapeshifter)
  7 boulder beetles
  32 dancing weapons
  A spectral draconian (Zot:1)
  2 death knights (Crypt:2)
  19 death scarabs
  13 death yaks
  6 tengu warriors
  6 satyrs
  14 two-headed ogres
  3 alligator snapping turtles
  4 deep troll shamans
  3 naga warriors
  7 deep troll earth magi
  6 orc high priests
  10 demonic crawlers
  6 hell hogs
  7 vampire magi
  Urug (D:10)
  3 shock serpents (Zig:12)
  3 thrashing horrors
  2 naga sharpshooters (Zig:12)
  8 occultists
  3 titan skeletons
  14 sun demons
  3 spriggan berserkers
  2 titan zombies
  20 hell knights
  A skyshark (shapeshifter) (Elf:2)
  2 wretched stars (Abyss:3)
  12 soul eaters
  2 spectral red draconians (Zot:1)
  2 storm dragon zombies (Zig:20)
  23 deep elf knights
  10 pharaoh ants
  10 skysharks
  22 skeletal warriors
  15 sea snakes
  A sixfirhy (Abyss:3)
  4 iron trolls
  4 shadow wraiths
  A glowing orange brain (shapeshifter) (Elf:2)
  2 quicksilver dragon simulacra
  A bog body (Zig:7)
  2 storm dragon skeletons
  A bunyip zombie (Tomb:1)
  A cherub (Zig:17)
  2 swamp dragons
  2 naga ritualists (Zig:12)
  6 flayed ghosts
  55 deep trolls
  11 orb spiders
  2 mana vipers (Zig:12)
  6 shadow demons
  4 obsidian statues
  2 anaconda zombies (Hell)
  2 goliath frogs
  4 sun moths
  15 orc knights
  8 glowing orange brains
  30 deep elf zephyrmancers
  13 necromancers
  12 arcanists
  A lindwurm (shapeshifter) (Depths:1)
  14 ironbound convokers
  2 bunyip skeletons (Crypt:3)
  3 orange crystal statues
  2 shadow dragon zombies (Zig:20)
  An anaconda skeleton (Crypt:3)
  2 wolf spider zombies (D:15)
  12 steelbarb worms
  37 phantasmal warriors
  3 golden dragon skeletons
  8 lindwurms
  18 deep elf archers
  2 shadow dragon skeletons (Crypt:3)
  30 deep elf pyromancers
  15 harpies
  30 ugly things
  17 manticores
  A shining eye (Slime:1)
  6 oklob plants
  A tengu skeleton (Crypt:3)
  31 fauns
  2 sphinx simulacra
  16 wolf spiders
  10 cyclopes
  5 orc sorcerers
  A meliai (shapeshifter) (Elf:2)
  Maurice (D:9)
  A cyclops (shapeshifter) (Vaults:5)
  24 moths of wrath
  A salamander (Zig:12)
  A fire giant skeleton (Crypt:2)
  7 meliai
  19 merfolk sirens
  A frost giant skeleton (Crypt:1)
  A kobold blastminer (Zig:2)
  An iron dragon skeleton (Tomb:1)
  4 rust devils
  2 dire elephant zombies
  6 torpor snails
  4 naga zombies
  An ice statue (Zig:15)
  5 gargoyles
  19 vault sentinels
  11 centaur zombies
  A titan simulacrum (Zig:15)
  8 elephants
  3 eyes of devastation
  2 guardian serpents (shapeshifter) (Elf:2)
  2 guardian serpents
  8 cane toads
  4 centaur skeletons
  A naga mage (Zig:12)
  14 water nymphs
  6 large abominations
  8 smoke demons
  4 black mambas
  3 molten gargoyles (Hell)
  A storm dragon simulacrum (Zot:1)
  13 hellions
  A komodo dragon (shapeshifter) (Vaults:5)
  3 unseen horrors
  A dire elephant skeleton (Crypt:2)
  5 rime drakes
  A shock serpent skeleton (Crypt:1)
  3 kobold demonologists
  A death yak zombie (Crypt:1)
  An efreet (D:12)
  2 sea snake zombies (Hell)
  11 freezing wraiths
  12 tengu conjurers
  22 yaktaurs
  An unseen horror skeleton (Crypt:2)
  An anaconda simulacrum (IceCv)
  11 komodo dragons
  2 hydra zombies
  15 tormentors
  25 guardian mummies
  A yellow draconian skeleton (Crypt:2)
  9 ice devils
  2 trolls (shapeshifter)
  2 harpy zombies (Crypt:3)
  2 red devils
  3 ancient zymes
  43 merfolk
  4 spectral moths of wrath (Zot:1)
  5 trolls
  A shadow dragon simulacrum (Depths:2)
  8 hornets
  5 polar bears
  4 wind drakes
  A raiju (shapeshifter) (D:12)
  4 hellwings
  4 tyrant leeches (Zig:7)
  4 glass eyes
  A merfolk (shapeshifter) (Vaults:5)
  A raiju (Zig:25)
  24 tarantellas
  A harpy skeleton (Crypt:1)
  21 blink frogs
  A blink frog (shapeshifter) (Elf:2)
  2 dream sheep (shapeshifter)
  21 snapping turtles
  A stone giant simulacrum (Tomb:1)
  3 meliai zombies (D:11)
  17 dream sheep
  A guardian serpent skeleton (Crypt:2)
  33 jumping spiders
  A harpy (shapeshifter) (Elf:2)
  21 culicivoras
  A satyr skeleton (Crypt:2)
  2 centaur simulacra
  3 vampires
  2 fire dragon skeletons
  6 shadows (Crypt:3)
  7 wyverns
  7 wraiths
  3 ynoxinuls (Zig:23)
  A dire elephant simulacrum (IceCv)
  16 water elementals
  56 slime creatures
  4 air elementals
  5 ushabtiu
  44 yaks
  2 small abominations (Abyss:3)
  5 wargs
  4 neqoxecs
  A golden eye (Zig:5)
  2 steam dragons
  7 fire elementals
  A death yak simulacrum (IceCv)
  A warg (shapeshifter) (Elf:2)
  39 redbacks
  4 basilisks
  4 chaos spawn
  A green draconian simulacrum (Zot:1)
  Edmund (D:4)
  7 vampire mosquitoes (D:12)
  A yellow draconian simulacrum (Zot:1)
  A harpy simulacrum (IceCv)
  4 nagas
  4 swamp worms (Lair:2)
  A water moccasin (shapeshifter) (D:15)
  A hydra simulacrum (Hell)
  5 water moccasins
  2 acid dragons
  7 hell hounds
  33 orc warriors
  2 glowing shapeshifter skeletons
  A sky beast (D:8)
  A black bear (shapeshifter) (Zig:6)
  An ice beast (D:7)
  A crocodile (shapeshifter) (Elf:2)
  12 laughing skulls
  9 ogres
  18 wolves
  15 centaurs
  An ogre (shapeshifter) (Elf:2)
  A snapping turtle skeleton (Crypt:1)
  An elf simulacrum (Vaults:3)
  A phantom (D:5)
  A salamander zombie (Crypt:2)
  2 kobold brigands
  12 bullfrogs
  3 necrophages (Crypt:2)
  A two-headed ogre simulacrum (IceCv)
  2 cane toad simulacra (IceCv)
  7 earth elementals
  2 gnoll sergeants
  3 scorpions
  106 jellies
  5 wights
  12 killer bees
  A raiju skeleton (Crypt:1)
  3 howler monkeys (D:9)
  5 electric eels
  30 orc priests
  2 human zombies
  3 hounds
  3 bullfrog zombies (Ossuary)
  5 hell rats (Hell)
  4 iguanas
  A troll simulacrum (IceCv)
  17 orc wizards
  2 polar bear simulacra (IceCv)
  5 spriggan simulacra (IceCv)
  2 crocodile zombies (Ossuary)
  A wolf simulacrum (IceCv)
  A sky beast zombie (Crypt:2)
  A crocodile skeleton (Crypt:1)
  A hound zombie (Ossuary)
  53 mummies
  5 howler monkey zombies (Ossuary)
  Robin (D:3)
  5 adders
  2 gnolls (D:11)
  2 naga simulacra (IceCv)
  4 white imps
  An ufetubus (IceCv)
  2 dart slugs
  2 ribbon worms (D:1)
  72 orcs
  2 endoplasms
  5 giant cockroaches
  A gnoll zombie (Crypt:1)
  11 goblins
  6 hobgoblins
  4 jackals
  17 kobolds
  2 quokkas
  9 ball pythons
  7 ball python zombies (Ossuary)
  4 bats (D:1)
  2 frilled lizards
  A jackal skeleton (Crypt:2)
  A quokka zombie (Crypt:2)
  4 rats
  A rat skeleton (Crypt:1)
  5 aspiring fleshes
3150 creatures vanquished.

Vanquished Creatures (collateral kills)
  A tentacled monstrosity (Zot:2)
  Rupert (D:15)
  A kraken (Shoals:3)
  Donald (Slime:4)
  A draconian annihilator (Zig:27)
  A red draconian (Zig:27)
  A vault guard (D:13)
  A skyshark (Lair:5)
  A sea snake (Lair:5)
  3 yaktaurs (D:11)
  2 wyverns
  A steam dragon (D:9)
  A water moccasin (Lair:5)
  A jelly (D:11)
  3 gnolls (D:11)
  2 orcs
  5 goblins (D:3)
  A hobgoblin (D:3)
  32 ball lightnings
  2 tentacles (Shoals:3)
62 creatures vanquished.

Vanquished Creatures (others)
  A draconian knight (Zot:2)
  A caustic shrike simulacrum (Zig:22)
  A merfolk avatar (Lair:5)
  A large abomination (Zig:25)
  2 deep elf pyromancers
  2 yaktaurs (D:11)
  A snapping turtle (Lair:5)
  Sigmund (D:5)
  2 yaks (D:11)
  2 water moccasins
  2 orc warriors (Orc:2)
  A black bear (D:6)
  2 centaurs (D:8)
  A phantom (D:5)
  A scorpion (D:5)
  2 hounds (D:4)
  2 orc priests
  79 jellies
  2 mummies (Ossuary)
  6 orc wizards
  2 crocodile zombies (Ossuary)
  A hound zombie (Ossuary)
  5 gnolls (D:11)
  An adder (D:5)
  A white imp (D:4)
  An ufetubus (IceCv)
  A dart slug (D:4)
  18 orcs
  2 jackals (D:1)
  A kobold (D:4)
  2 quokkas
  2 ball python zombies (Ossuary)
  1300 ball lightnings
  2 fire vortices (Zig:24)
  2 starspawn tentacles (Zig:25)
  7 tentacles (Shoals:3)
1460 creatures vanquished.

Grand Total: 4672 creatures vanquished

Notes
Turn   | Place    | Note
-------+----------+-------------------------------------------
     0 | D:1      | Ge0ff the Mummy Artificer began the quest for the Orb.
     0 | D:1      | Reached XP level 1. HP: 15/15 MP: 1/1
   171 | D:1      | Reached skill level 1 in Stealth
   196 | D:1      | Reached XP level 2. HP: 21/21 MP: 2/2
   554 | D:1      | Reached XP level 3. HP: 27/27 MP: 3/3
  1598 | D:2      | Found a faded altar of an unknown god.
  1614 | D:2      | Prayed at the altar of an unknown god.
  1614 | D:2      | Became a worshipper of Jiyva Jilurch the Shapeless
  1614 | D:2      | Reached * piety under Jiyva
  1842 | D:2      | Reached ** piety under Jiyva
  2375 | D:3      | Found an iron altar of Okawaru.
  2493 | D:3      | Noticed Robin
  2501 | D:3      | Reached XP level 4. HP: 28/34 MP: 4/4
  2511 | D:3      | Killed Robin
  2614 | D:3      | Reached *** piety under Jiyva
  2760 | D:3      | Reached skill level 1 in Dodging
  2820 | D:4      | Reached XP level 5. HP: 20/41 MP: 5/5
  2857 | D:4      | Found a shimmering altar of Xom.
  2969 | D:4      | Reached **** piety under Jiyva
  3053 | D:4      | Reached skill level 1 in Long Blades
  3206 | D:4      | Noticed Edmund
  3224 | D:4      | Killed Edmund
  3225 | D:4      | Reached XP level 6. HP: 37/47 MP: 6/6
  4025 | D:5      | Entered Level 5 of the Dungeon
  4080 | D:5      | Killed a water moccasin
  4109 | D:5      | Killed Sigmund
  4298 | D:5      | Reached ***** piety under Jiyva
  4652 | D:5      | Found a staircase to the Ecumenical Temple.
  4661 | Temple   | Found a transporter.
  4661 | Temple   | Found a transporter.
  4661 | Temple   | Found a transporter.
  4661 | Temple   | Found a transporter.
  4661 | Temple   | Entered the Ecumenical Temple
  4791 | D:5      | Reached XP level 7. HP: 54/54 MP: 7/7
  4954 | D:6      | You fall into a shaft and drop 3 floors!
  4957 | D:9      | Identified a scroll of acquirement
  4969 | D:9      | Noticed Maurice
  4978 | D:9      | Maurice stole a staff of cold
  4980 | D:9      | Killed Maurice
  4981 | D:9      | Reached skill level 5 in Long Blades
  4981 | D:9      | Acquired a manual of Evocations
  4988 | D:9      | Reached XP level 8. HP: 37/61 MP: 8/8
  4998 | D:9      | Reached skill level 5 in Fighting
  5244 | D:6      | Found a sand-covered staircase.
  5250 | Ossuary  | Entered an ossuary
  5731 | D:6      | Reached XP level 9. HP: 71/71 MP: 9/9
  6791 | D:7      | Learned a level 2 spell: Blink
  6952 | D:7      | Found a shimmering blue altar of Sif Muna.
  6952 | D:7      | Found an ancient bone altar of Kikubaaqudgha.
  6958 | D:7      | Found a stormy altar of Qazlal.
  6959 | D:7      | Found a broken altar of Ashenzari.
  6959 | D:7      | Found a bloodstained altar of Trog.
  6960 | D:7      | Found a sparkling altar of Nemelex Xobeh.
  6961 | D:7      | Found a blossoming altar of Fedhas.
  6963 | D:7      | Found a snail-covered altar of Cheibriados.
  6964 | D:7      | Found a sacrificial altar of Ru.
  7676 | D:8      | Reached skill level 5 in Evocations
  7680 | D:8      | Learned a level 3 spell: Vampiric Draining
  7715 | D:8      | Reached skill level 1 in Spellcasting
  7716 | D:8      | Reached skill level 1 in Necromancy
  7781 | D:8      | Reached skill level 2 in Spellcasting
  7914 | D:8      | Identified the ring "Niytawugg" {Wiz MP+9 Int+3}
  8626 | D:9      | Noticed a kobold demonologist
  8636 | D:9      | Reached skill level 3 in Spellcasting
  8645 | D:9      | Killed a kobold demonologist
  9004 | D:9      | Found a staircase to the Orcish Mines.
  9106 | D:9      | Reached XP level 10. HP: 67/79 MP: 14/15
  9152 | D:9      | Reached skill level 4 in Spellcasting
  9305 | D:9      | Identified the +1 leather armour of the Barnacle {rF+ rN+}
  9349 | D:10     | Entered Level 10 of the Dungeon
  9421 | D:10     | Reached skill level 5 in Necromancy
  9454 | D:10     | Noticed a two-headed ogre
  9454 | D:10     | Noticed a two-headed ogre
  9468 | D:10     | Reached skill level 5 in Spellcasting
  9469 | D:10     | Killed a two-headed ogre
  9472 | D:10     | Killed a two-headed ogre
  9500 | D:10     | Noticed a two-headed ogre
  9505 | D:10     | Killed a two-headed ogre
  9506 | D:10     | Reached skill level 6 in Spellcasting
  9682 | D:10     | Noticed Urug
  9694 | D:10     | Killed Urug
  9695 | D:10     | Reached XP level 11. HP: 76/84 MP: 20/20
  9711 | D:10     | Noticed a death yak
  9716 | D:10     | Noticed a death yak
  9729 | D:10     | Killed a death yak
  9731 | D:10     | Noticed a death yak
  9732 | D:10     | Killed a death yak
  9733 | D:10     | Reached skill level 7 in Spellcasting
  9734 | D:10     | Noticed a death yak
  9734 | D:10     | Noticed a death yak
  9737 | D:10     | Killed a death yak
  9737 | D:10     | Noticed a death yak
  9743 | D:10     | Killed a death yak
  9743 | D:10     | Killed a death yak
  9744 | D:10     | Killed a death yak
  9819 | D:10     | Found a staircase to the Lair.
 10394 | D:11     | Reached skill level 1 in Shields
 10778 | D:11     | Found a basalt altar of Yredelemnul.
 10828 | D:11     | Reached XP level 12. HP: 69/91 MP: 23/23
 10884 | D:11     | Identified the ring "Yruefene" {rPois Int+4}
 11452 | D:11     | Noticed a death yak
 11459 | D:11     | Noticed a death yak
 11459 | D:11     | Noticed a death yak
 11459 | D:11     | Noticed a death yak
 11460 | D:11     | Noticed a minotaur
 11467 | D:11     | Killed a death yak
 11467 | D:11     | Killed a death yak
 11467 | D:11     | Killed a minotaur
 11467 | D:11     | Killed a death yak
 11468 | D:11     | Reached skill level 8 in Spellcasting
 11468 | D:11     | Reached skill level 10 in Necromancy
 11477 | D:11     | Was placed under penance by Jiyva
 11661 | D:11     | Identified the +0 flail of the Warrior-Mage {elec, Int+4}
 11661 | D:11     | Noticed a minotaur
 11721 | Lair:1   | Entered Level 1 of the Lair of Beasts
 12941 | Lair:2   | Found a transporter.
 12985 | Lair:1   | Was forgiven by Jiyva
 13121 | Lair:2   | Reached skill level 9 in Spellcasting
 13194 | Lair:2   | Noticed a boulder beetle
 13219 | Lair:2   | Killed a boulder beetle
 13277 | Lair:2   | Gained mutation: You are strongly in touch with the powers
                  | of death. [Mummy growth]
 13277 | Lair:2   | Reached XP level 13. HP: 98/99 MP: 26/26
 13307 | Lair:2   | Learned a level 3 spell: Call Canine Familiar
 13490 | Lair:2   | Found a transporter.
 13519 | Lair:2   | Reached skill level 10 in Long Blades
 13554 | Lair:2   | Reached skill level 1 in Summonings
 14101 | Lair:2   | Found a staircase to the Shoals.
 14255 | Lair:3   | You fall into a shaft and drop 1 floor!
 14308 | Lair:5   | Entered Level 5 of the Lair of Beasts
 14494 | Lair:4   | Found a runed translucent gate.
 14495 | Lair:4   | Found a runed translucent gate.
 14495 | Lair:4   | Found a runed translucent gate.
 14500 | Lair:4   | Noticed Dawoas's ghost (journeyman VSEn)
 14567 | Lair:4   | Learned a level 1 spell: Apportation
 14642 | Lair:4   | Found a staircase to the Slime Pits.
 14826 | Lair:5   | Reached skill level 5 in Dodging
 14829 | Lair:5   | Reached skill level 1 in Translocations
 14860 | Lair:5   | Got an earthy gem with 582 turns to spare
 15011 | Lair:5   | Reached skill level 10 in Spellcasting
 15500 | Lair:4   | Noticed Nessos
 15503 | Lair:4   | Nessos changed into Nessos the culicivora
 15503 | Lair:4   | Noticed Nessos
 15509 | Lair:4   | Killed Nessos the culicivora
 15544 | Lair:3   | Reached ****** piety under Jiyva
 15682 | Slime:1  | Entered Level 1 of the Pits of Slime
 15682 | Slime:1  | Noticed an acid blob
 15682 | Slime:1  | Noticed a rockslime
 15703 | Slime:3  | Noticed a rockslime
 15721 | Slime:5  | Entered Level 5 of the Pits of Slime
 15747 | Slime:5  | Noticed a quicksilver ooze
 15765 | Slime:5  | Noticed an azure jelly
 15860 | Slime:5  | Noticed an azure jelly
 15932 | Slime:5  | Noticed a quicksilver ooze
 15934 | Slime:5  | Found a viscous altar of Jiyva.
 15935 | Slime:5  | Noticed the Royal Jelly
 15940 | Slime:5  | Got a starry gem with 344 turns to spare
 15944 | Slime:5  | Got a slimy rune of Zot
 15952 | Slime:5  | Noticed an acid blob
 15955 | Slime:5  | Noticed an azure jelly
 15964 | Slime:5  | Noticed an acid blob
 15995 | Slime:5  | Noticed an acid blob
 15996 | Slime:5  | Noticed a rockslime
 16081 | Slime:5  | Identified the +5 great sword "Dragon's Tongue" {freeze,
                  | rPois MP+9}
 16283 | Slime:5  | Noticed a quicksilver ooze
 16622 | Slime:4  | Noticed Donald
 16632 | Slime:4  | Killed Donald
 16633 | Slime:4  | Reached skill level 5 in Shields
 16832 | Slime:3  | Learned a level 5 spell: Arcjolt
 16841 | Slime:3  | Learned a level 8 spell: Maxwell's Capacitive Coupling
 16846 | Slime:3  | Learned a level 4 spell: Vhi's Electric Charge
 16958 | Slime:2  | Noticed an azure jelly
 17007 | Lair:4   | Reached XP level 14. HP: 100/108 MP: 28/28
 17062 | Lair:4   | Reached skill level 1 in Air Magic
 17382 | Lair:4   | Killed Dawoas's ghost
 17441 | Lair:3   | Reached skill level 1 in Conjurations
 17862 | Lair:3   | Found a hole to the Spider Nest.
 18661 | Orc:1    | Entered Level 1 of the Orcish Mines
 18684 | Orc:1    | Found a dark tunnel.
 18707 | Volcano  | Entered a volcano
 18736 | Volcano  | Reached skill level 10 in Fighting
 19052 | Orc:1    | Noticed Fannar
 19068 | Orc:1    | Killed Fannar
 19069 | Orc:1    | Reached skill level 11 in Spellcasting
 19444 | Orc:2    | Entered Level 2 of the Orcish Mines
 19444 | Orc:2    | Noticed anet's ghost (journeyman HOCj)
 19444 | Orc:2    | Found a runed translucent door.
 19453 | Orc:1    | Reached skill level 5 in Air Magic
 19644 | Orc:2    | Found a staircase to the Elven Halls.
 19649 | Orc:2    | Found Ynoon's Weapon Emporium.
 20567 | Orc:2    | Found Foffecop's Armour Shop.
 20569 | Orc:2    | Found Wuvvurghu's Distillery.
 20569 | Orc:2    | Found Iwydob's Weapon Shop.
 20570 | Orc:2    | Found Imehe's General Store.
 20586 | Orc:2    | Bought a +2 cloak for 181 gold pieces
 20739 | Orc:2    | Killed anet's ghost
 20810 | Orc:2    | Fell from the grace of Jiyva
 21189 | Orc:2    | Found a staircase to the Elven Halls.
 21373 | Orc:2    | Found Foffecop's Armour Shop.
 21375 | Orc:2    | Found Iwydob's Weapon Shop.
 21378 | Orc:2    | Found Wuvvurghu's Distillery.
 21379 | Orc:2    | Found Imehe's General Store.
 21512 | Orc:2    | Found Ynoon's Weapon Emporium.
 22719 | Temple   | Became a worshipper of Gozag Ym Sagoz the Greedy
 23621 | D:11     | Reached XP level 15. HP: 66/115 MP: 14/30
 24012 | D:11     | Found a basalt altar of Yredelemnul.
 24503 | D:11     | Reached skill level 12 in Spellcasting
 24869 | D:12     | Noticed Sonja
 24870 | D:12     | Sonja changed into Sonja the yak
 24870 | D:12     | Noticed Sonja
 24880 | D:12     | Killed Sonja the yak
 24941 | D:12     | Found Lokumm's Gadget Gallery.
 25067 | D:12     | Bought a wand of flame (14) for 156 gold pieces
 25116 | D:12     | Found a frozen archway.
 25274 | IceCv    | Entered an ice cave
 25388 | IceCv    | Learned a level 4 spell: Airstrike
 25505 | IceCv    | Reached skill level 5 in Conjurations
 29050 | D:12     | Bought a phantom mirror for 640 gold pieces
 30607 | D:13     | Noticed Snorg
 30612 | D:13     | Killed Snorg
 30668 | D:13     | Found a gate to the Vaults.
 32305 | D:14     | Learned a level 3 spell: Stone Arrow
 32782 | D:15     | Entered Level 15 of the Dungeon
 32974 | D:15     | Reached skill level 1 in Earth Magic
 33130 | D:15     | Found an opulent altar of Gozag.
 33406 | D:15     | Noticed Rupert
 33416 | D:15     | Killed Rupert
 34000 | D:15     | Reached skill level 10 in Air Magic
 34153 | D:15     | Found a staircase to the Depths.
 34588 | D:10     | Found a staircase to the Lair.
 35898 | Shoals:1 | Entered Level 1 of the Shoals
 36050 | Shoals:1 | Found a transporter.
 36176 | Shoals:1 | You fall into a shaft and drop 1 floor!
 36293 | Shoals:1 | Found Ucwa's Distillery.
 36507 | Shoals:1 | Noticed Kifroibbe's ghost (adept DsMo)
 36538 | Shoals:1 | Reached XP level 16. HP: 117/122 MP: 29/32
 36911 | Shoals:1 | Found a transporter.
 37487 | Shoals:1 | Noticed an acid blob
 38469 | Shoals:1 | Killed an acid blob
 38832 | Shoals:1 | Found a transporter.
 38842 | Shoals:1 | Found Ucwa's Distillery.
 38852 | Shoals:1 | Found a transporter.
 40586 | Shoals:2 | Noticed Polyphemus
 40592 | Shoals:2 | Killed Polyphemus
 40957 | Shoals:2 | Found Zelain's Antique Weapon Emporium.
 41353 | Shoals:2 | Found Zelain's Antique Weapon Emporium.
 41402 | Shoals:3 | Noticed Ilsuiw
 41402 | Shoals:3 | Noticed Nikola
 41407 | Shoals:3 | Killed Ilsuiw
 41948 | Shoals:2 | Was forgiven by Jiyva
 42615 | Shoals:3 | Killed Nikola
 43882 | Shoals:3 | Noticed a kraken
 43887 | Shoals:3 | Killed a kraken
 44355 | Shoals:4 | Entered Level 4 of the Shoals
 45265 | Shoals:4 | Reached XP level 17. HP: 104/128 MP: 0/33
 45423 | Shoals:4 | Found Moamp's General Store.
 45632 | Shoals:4 | Bought a scroll of teleportation for 30 gold pieces
 45632 | Shoals:4 | Bought a scroll of teleportation for 30 gold pieces
 47174 | Shoals:4 | Reached skill level 15 in Air Magic
 48065 | Shoals:4 | Got a barnacled rune of Zot
 48635 | Shoals:4 | Learned a level 6 spell: Conjure Ball Lightning
 48930 | Lair:2   | Identified the amulet "Heyvidgh" {Acrobat rC+ Will+}
 48933 | Lair:2   | Identified the +0 pair of boots of the Swamp {Dex+2}
 49153 | Spider:1 | Entered Level 1 of the Spider Nest
 49498 | Spider:1 | Reached skill level 5 in Armour
 50123 | Spider:1 | Reached skill level 13 in Spellcasting
 50186 | Spider:1 | Noticed Azrael
 50190 | Spider:1 | Killed Azrael
 51402 | Spider:1 | Found a runed translucent door.
 51407 | Spider:1 | Noticed Jano's ghost (adept TrFi)
 51415 | Spider:1 | Killed Jano's ghost
 51499 | Spider:1 | Identified the +5 whip of the Sky {heavy, Int+2 Dex+3
                  | Stlth+}
 51502 | Spider:1 | Identified the staff "Qiemafat" {rElec rPois Str-3 Dex-3
                  | Hexes Air}
 52395 | Spider:2 | Noticed Frances
 52403 | Spider:2 | Killed Frances
 52712 | Spider:2 | Noticed Jorgrun
 52717 | Spider:2 | Killed Jorgrun
 55346 | Spider:3 | Reached XP level 18. HP: 51/136 MP: 12/35
 55662 | Spider:3 | Reached skill level 14 in Spellcasting
 57535 | Spider:4 | Entered Level 4 of the Spider Nest
 61268 | Spider:4 | Reached skill level 10 in Evocations
 61707 | Spider:4 | Reached skill level 15 in Spellcasting
 62187 | Spider:4 | Got a gossamer rune of Zot
 62610 | Elf:1    | Entered Level 1 of the Elven Halls
 62822 | Elf:1    | Noticed Agnes
 63194 | Elf:1    | Killed Agnes
 64183 | Shoals:1 | Reached XP level 19. HP: 82/143 MP: 34/38
 64293 | Shoals:1 | Killed Kifroibbe's ghost
 64394 | Shoals:1 | Identified the ring "Rahae" {rF+ Int+5 Slay+3}
 64453 | Shoals:1 | Learned a level 3 spell: Passwall
 64912 | Elf:1    | Found Dostuyprui's Assorted Antiques.
 64915 | Elf:1    | Found Rura's Antique Armour Shop.
 64915 | Elf:1    | Found Powugets's Antique Armour Boutique.
 64968 | Elf:1    | Found Moariff's Jewellery Shop.
 64978 | Elf:1    | Bought a pair of runed gloves for 247 gold pieces
 64997 | Elf:1    | Found a runed translucent door.
 64998 | Elf:1    | Found a shimmering altar of Xom.
 64998 | Elf:1    | Noticed Luihuable's ghost (journeyman MiBe)
 65997 | Abyss:3  | Cast into level 3 of the Abyss (a deep elf sorcerer)
 65998 | Abyss:3  | Reached skill level 1 in Throwing
 66124 | Abyss:3  | Got an abyssal rune of Zot
 66135 | Elf:2    | Escaped the Abyss
 66387 | Elf:2    | Noticed a Brimstone Fiend
 66449 | Elf:2    | Found a runed translucent gate.
 66449 | Elf:2    | Found a runed translucent gate.
 66449 | Elf:2    | Found a runed translucent gate.
 66561 | Elf:2    | Noticed Louise
 66565 | Elf:2    | Killed Louise
 66737 | Elf:2    | Found Pulliwki's Book Emporium.
 67403 | Elf:2    | Found a runed translucent gate.
 67409 | Elf:2    | Found a runed translucent gate.
 67410 | Elf:2    | Found a runed translucent gate.
 67782 | Elf:2    | Found a runed translucent gate.
 67782 | Elf:2    | Found a runed translucent gate.
 67784 | Elf:2    | Noticed Heruu's ghost (adept MiHu)
 67787 | Elf:2    | Found a runed translucent gate.
 67832 | Elf:2    | Reached skill level 16 in Spellcasting
 67832 | Elf:2    | Killed Heruu's ghost
 68174 | Elf:2    | Identified the +1 pair of boots of the Quahog {^Contam rN+
                  | Int+2}
 69084 | Elf:2    | Reached skill level 10 in Conjurations
 69718 | Elf:3    | Entered Level 3 of the Elven Halls
 69969 | Elf:3    | Reached XP level 20. HP: 142/152 MP: 29/40
 70049 | Abyss:3  | Cast into level 3 of the Abyss (a deep elf sorcerer)
 70185 | Elf:3    | Escaped the Abyss
 73050 | Elf:3    | Reached skill level 17 in Spellcasting
 73073 | Elf:3    | Learned a level 9 spell: Chain Lightning
 73143 | Elf:3    | Identified the staff of Arampofi {rElec Str-2 Summ Ice Air}
 73180 | Elf:3    | Identified the +6 whip of the Trees {pain, Int+2}
 73506 | Elf:3    | Identified the +2 leather armour "Peblonuh" {rElec rC-
                  | rCorr}
 73868 | Elf:3    | Got Xesiwiesh's Atlas of Twinkling Concussion
 73916 | Elf:3    | Got the Omnibus of Topography
 73921 | Elf:3    | Identified the +0 ring mail of the Desolation of Salt
                  | {*Slow Fly rF+ Dex+7}
 74005 | Elf:3    | Learned a level 4 spell: Dispel Undead
 74012 | Elf:3    | Learned a level 5 spell: Lee's Rapid Deconstruction
 76208 | Elf:1    | Killed Luihuable's ghost
 76278 | Elf:1    | Identified the +3 falchion "Hulorghe" {pain, Int+3}
 76281 | Elf:1    | Got Yfagaqem's Quarto of the Union
 77251 | Vaults:1 | Entered Level 1 of the Vaults
 78819 | Vaults:1 | Reached XP level 21. HP: 122/160 MP: 36/42
 79682 | Vaults:1 | Upgraded the game from 0.32-a0-39-g5c88369fb2 to
                  | 0.32-a0-119-g2e8054a333
 80516 | Vaults:2 | Reached skill level 5 in Earth Magic
 81476 | Vaults:2 | Found a transporter.
 82005 | Vaults:2 | Noticed eruonna's ghost (veteran HOBe)
 82080 | Vaults:2 | Found a bloodstained altar of Trog.
 82090 | Vaults:2 | Found a transporter.
 82425 | Vaults:3 | Found Itet's Book Shoppe.
 82430 | Vaults:3 | Bought a book of Transmutation for 364 gold pieces
 82671 | Vaults:3 | Noticed Norris
 82675 | Vaults:3 | Reached skill level 18 in Spellcasting
 82676 | Vaults:3 | Killed Norris
 84065 | Vaults:3 | Noticed eruonna's ghost (veteran HOBe)
 84068 | Vaults:3 | Found a transporter.
 84087 | Vaults:3 | Found a transporter.
 84087 | Vaults:3 | Noticed an ancient lich
 84462 | Vaults:3 | Found a staircase to the Crypt.
 86006 | Vaults:4 | Noticed Boris
 86017 | Vaults:4 | Killed Boris
 86720 | Vaults:4 | Reached XP level 22. HP: 127/167 MP: 43/44
 87370 | Depths:1 | Entered Level 1 of the Depths
 87371 | Depths:1 | Noticed Asterion
 87378 | Depths:1 | Killed Asterion
 87582 | Depths:1 | Found a runed translucent door.
 87584 | Depths:1 | Noticed Etzesk's ghost (veteran TeGl)
 87592 | Depths:1 | Killed Etzesk's ghost
 87733 | Depths:1 | Found a one-way gate leading to the halls of Pandemonium.
 87946 | Depths:1 | Learned a level 5 spell: Irradiate
 88511 | Depths:1 | Identified the +0 ring mail of the Hecatoncheires {Fly
                  | Regen+ Str-2 Dex+8}
 88543 | Depths:1 | Noticed Bai Suzhen
 88552 | Depths:1 | Killed Bai Suzhen
 88553 | Depths:1 | Reached skill level 1 in Alchemy
 88788 | Depths:1 | Reached skill level 19 in Spellcasting
 89543 | Depths:1 | Found a gateway to Hell.
 89691 | Depths:2 | Found a one-way gate leading to the halls of Pandemonium.
 90115 | Depths:2 | Identified the +1 robe of Caredgh {Harm Int+3 Dex-5 Stlth+}
 90485 | Depths:2 | Noticed an ancient lich
 90489 | Depths:2 | Killed an ancient lich
 90640 | Depths:2 | Identified the +0 robe of the Saviour {rPois Int+3
                  | Archmagi}
 90687 | Depths:2 | Identified the +1 robe of Incorporation {Rampage Dex+5}
 91799 | Depths:2 | Found a hazy altar of Hepliaklqana.
 91909 | Depths:2 | Found a portal to a secret trove of treasure.
 91919 | Depths:2 | You paid a toll of 4 scrolls of fear to enter a treasure
                  | trove
 91920 | Trove    | Entered a treasure trove
 91950 | Trove    | Acquired the ring of Tituv {Fly Will+ Stlth+}
 91957 | Trove    | Got the Cyclopedia of the Twisted Pyre
 91984 | Trove    | Got Sif Muna's Book of Generative Incandescence
 91997 | Trove    | Got the Secrets of the Cursed Sun
 92000 | Trove    | Got Tohizor's Vademecum on the Cemetery
 92009 | Trove    | Got Sif Muna's Papyrus of Geological Anemomancy
 92132 | Depths:2 | Learned a level 6 spell: Plasma Beam
 92615 | Depths:3 | Found a one-way gateway to a ziggurat.
 92663 | Depths:3 | Found a one-way gate to the infinite horrors of the Abyss.
 92741 | Depths:3 | Found Xaplaitz's Assorted Antiques.
 92770 | Depths:3 | Noticed a golden dragon
 92775 | Depths:3 | Killed a golden dragon
 92776 | Depths:3 | Reached skill level 1 in Fire Magic
 93328 | Depths:3 | Identified the +3 great sword of Severance {antimagic, rN+
                  | Stlth+}
 93993 | Depths:3 | Reached skill level 20 in Spellcasting
 94462 | Depths:4 | Entered Level 4 of the Depths
 94474 | Depths:4 | Found a stormy altar of Qazlal.
 94498 | Depths:4 | Noticed Boris
 94503 | Depths:4 | Killed Boris
 94504 | Depths:4 | Reached skill level 5 in Alchemy
 94504 | Depths:4 | Reached XP level 23. HP: 173/173 MP: 47/47
 95683 | Depths:4 | Found a gate to the Realm of Zot.
 95751 | Depths:4 | Reached skill level 5 in Fire Magic
 97065 | Crypt:1  | Entered Level 1 of the Crypt
 97454 | Crypt:1  | Identified the staff of Annoyance {rF+ SInv Fire}
 97496 | Crypt:1  | Identified the +5 war axe "No More Talking" {flame, rPois
                  | Str+3}
 97749 | Crypt:1  | Reached skill level 15 in Conjurations
 98044 | Crypt:1  | Reached skill level 1 in Invocations
 98466 | Crypt:1  | Identified the serpent talisman of Hedonism {rF+++ Int-2
                  | Dex+4}
101144 | Crypt:2  | Reached skill level 21 in Spellcasting
101671 | Crypt:3  | Entered Level 3 of the Crypt
101821 | Crypt:3  | Found the +2 Maxwell's thermic engine {flame, freeze, rev}
101836 | Crypt:3  | Acquired 797 gold pieces
101845 | Crypt:3  | Identified the staff "Pionyiho" {rF+ rN+ Necro Fire}
102318 | Crypt:3  | Found the +4 robe of Folly {Brill Will-∞ Int+8}
102502 | Crypt:3  | Identified the ring "Kyva" {rPois rN+ rCorr Stlth-}
102502 | Crypt:3  | Identified the ring "Qoasajy" {rElec rN+ Str+5 Slay+3}
102502 | Crypt:3  | Identified the ring of the Indestructible God {rF++ rN+
                  | Dex-4}
102873 | Crypt:3  | Reached skill level 22 in Spellcasting
103261 | Crypt:3  | Noticed a dread lich
103271 | Crypt:3  | Killed a dread lich
103907 | Crypt:3  | Noticed an ancient lich
104069 | Crypt:3  | Reached XP level 24. HP: 68/180 MP: 49/49
104440 | Crypt:3  | Got the Volume of Crystallized Calefaction
104568 | Crypt:3  | Noticed an ancient lich
104591 | Crypt:3  | Killed an ancient lich
104598 | Crypt:3  | Killed an ancient lich
104599 | Crypt:3  | Reached skill level 23 in Spellcasting
104762 | Crypt:3  | Found a staircase to the Tomb.
104907 | Crypt:3  | Identified the +2 pair of gloves of Incorporation {*Slow
                  | Will+ Dex+4 SInv}
105157 | Tomb:1   | Entered Level 1 of the Tomb of the Ancients
105967 | Tomb:1   | Noticed a royal mummy
105973 | Tomb:1   | Noticed a royal mummy
105980 | Tomb:1   | Killed a royal mummy
105989 | Tomb:1   | Killed a royal mummy
106383 | Tomb:1   | Noticed a royal mummy
106400 | Tomb:1   | Killed a royal mummy
106589 | Tomb:1   | Reached skill level 24 in Spellcasting
107033 | Tomb:1   | Noticed a royal mummy
107036 | Tomb:1   | Noticed a royal mummy
107037 | Tomb:1   | Noticed a royal mummy
107039 | Tomb:1   | Noticed a royal mummy
107039 | Tomb:1   | Noticed a royal mummy
107039 | Tomb:1   | Noticed a royal mummy
107045 | Tomb:1   | Noticed a royal mummy
107050 | Tomb:1   | Noticed a royal mummy
107050 | Tomb:1   | Noticed a royal mummy
107057 | Tomb:1   | Killed a royal mummy
107443 | Vaults:5 | Entered Level 5 of the Vaults
107449 | Vaults:5 | Reached skill level 25 in Spellcasting
108103 | Vaults:5 | Identified the +2 leather armour "Burim" {rPois rC+ Stlth-}
108550 | Vaults:5 | Identified the +10 war axe "Tuuxoluvuh" {pain, Stlth+}
109033 | Vaults:5 | Got the Encyclopedia of Incineration
109166 | Vaults:5 | Noticed an ancient lich
109170 | Vaults:5 | Killed an ancient lich
109809 | Vaults:5 | Noticed an ancient lich
109813 | Vaults:5 | Killed an ancient lich
109814 | Vaults:5 | Reached XP level 25. HP: 184/186 MP: 38/52
110045 | Vaults:5 | Found the +0 pair of fencer's gloves {Riposte Dex+3}
110064 | Vaults:5 | Got Xaumna's Handbook of the Burnt Sky
110445 | Vaults:5 | Identified the +0 dagger of Lies {venom, *Rage rF+ rCorr
                  | Int+2}
110682 | Vaults:5 | Identified the staff of Qecoloz {rElec rN+ Int-2 Air Earth}
110813 | Vaults:5 | Identified the +5 morningstar of the Radish {spect, Fly rF-
                  | rN+ Stlth+}
110992 | Vaults:5 | Got a silver rune of Zot
111293 | Vaults:3 | Killed an ancient lich
111570 | Vaults:3 | Killed eruonna's ghost
111571 | Vaults:3 | Identified the amulet of Zumusytakk {Reflect rPois rN+
                  | Dex+3 SH+5}
111739 | Vaults:2 | Reached skill level 26 in Spellcasting
111741 | Vaults:2 | Killed eruonna's ghost
111944 | Vaults:2 | Bought a scroll of teleportation for 102 gold pieces
111949 | Vaults:2 | Bought a scroll of revelation for 180 gold pieces
111949 | Vaults:2 | Bought a scroll of blinking for 180 gold pieces
111949 | Vaults:2 | Bought a scroll of immolation for 96 gold pieces
111949 | Vaults:2 | Bought a scroll of teleportation for 72 gold pieces
111949 | Vaults:2 | Bought a scroll of vulnerability for 96 gold pieces
111949 | Vaults:2 | Bought a scroll of immolation for 96 gold pieces
112199 | Zot:1    | Entered Level 1 of the Realm of Zot
112890 | Zot:1    | Found a runed translucent gate.
112890 | Zot:1    | Found a runed translucent gate.
112894 | Zot:1    | Found a runed translucent gate.
112897 | Zot:1    | Noticed a dread lich
112897 | Zot:1    | Noticed Uqizxu's ghost (master OnFi)
113199 | Zot:1    | Killed a dread lich
113202 | Zot:1    | Killed Uqizxu's ghost
113212 | Zot:1    | Identified the ring "Gatisiqo" {rPois rC+ Int+2 Dex-4}
115541 | Zot:2    | Learned a level 8 spell: Ignition
116442 | Zot:3    | Reached XP level 26. HP: 185/193 MP: 38/53
117182 | Zot:3    | Identified the +5 mace of Checks and Balances {freeze, rF+
                  | rCorr Str+4 Dex-4}
118870 | Zot:4    | Noticed Fuysiosk's ghost (legendary OnFi)
118875 | Zot:4    | Found a runed translucent door.
119283 | Zot:4    | Killed Fuysiosk's ghost
119386 | Zot:5    | Entered Level 5 of the Realm of Zot
120952 | Zot:5    | Noticed an orb of fire
120957 | Zot:5    | Killed an orb of fire
121027 | Zot:5    | Noticed a dread lich
121035 | Zot:5    | Killed a dread lich
121044 | Zot:5    | Noticed an ancient lich
121049 | Zot:5    | Killed an ancient lich
121375 | Zot:5    | Reached skill level 10 in Fire Magic
121380 | Zot:5    | Noticed an ancient lich
121384 | Zot:5    | Killed an ancient lich
121509 | Zot:5    | Noticed an orb of fire
121514 | Zot:5    | Killed an orb of fire
124304 | Zot:5    | Reached XP level 27. HP: 199/199 MP: 37/53
124752 | Hell     | Entered the Vestibule of Hell
124752 | Hell     | Noticed Geryon
124763 | Hell     | Killed Geryon
126131 | Hell     | Found a gateway to the ashen valley of Gehenna.
126188 | Hell     | Found a gateway to the Iron City of Dis.
126244 | Hell     | Found a gateway to the freezing wastes of Cocytus.
126605 | Hell     | Found a gateway to the decaying netherworld of Tartarus.
126923 | Zig:1    | Entered Level 1 of a ziggurat
126958 | Zig:2    | Entered Level 2 of a ziggurat
126996 | Zig:3    | Entered Level 3 of a ziggurat
127075 | Zig:4    | Entered Level 4 of a ziggurat
127156 | Zig:5    | Entered Level 5 of a ziggurat
127159 | Zig:5    | Found the +5 robe of Night {Dark Will+ SInv}
127233 | Zig:6    | Entered Level 6 of a ziggurat
127238 | Zig:6    | Noticed Jeloucyxku the pandemonium lord
127249 | Zig:6    | Killed Jeloucyxku the pandemonium lord
127373 | Zig:7    | Entered Level 7 of a ziggurat
127436 | Zig:7    | Acquired 941 gold pieces
127460 | Zig:8    | Entered Level 8 of a ziggurat
127550 | Zig:8    | Identified the +2 flail "Giantbane" {heavy, SInv}
127593 | Zig:9    | Entered Level 9 of a ziggurat
127617 | Zig:9    | Identified the +3 rapier of Luse {drain, *Rage Int+3 Dex+5
                  | Stlth+}
127817 | Zig:10   | Entered Level 10 of a ziggurat
127956 | Zig:10   | Identified the ring "Nainliw" {rC+ rN+ rCorr Int+3 Stlth-}
128019 | Zig:11   | Entered Level 11 of a ziggurat
128255 | Zig:12   | Entered Level 12 of a ziggurat
128292 | Zig:12   | Identified the +1 orcbow "Geigenif" {elec, rF+ Str+5 Dex-2
                  | Stlth+}
128520 | Zig:13   | Entered Level 13 of a ziggurat
128709 | Zig:13   | Found the +8 demon trident "Rift" {distort, reach+}
128731 | Zig:13   | Identified the +7 arbalest of the Slime-mould {heavy,
                  | Dex+2}
128796 | Zig:14   | Entered Level 14 of a ziggurat
129024 | Zig:14   | Got the Directory of the Fulgent Sky
129025 | Zig:14   | Identified the +4 broad axe "Jyguddyx" {drain, rN+ Str+3
                  | Stlth+}
129032 | Zig:14   | Identified the +2 long sword "Oceyklig" {freeze, ^Fragile
                  | rElec rPois rN+}
129087 | Zig:15   | Entered Level 15 of a ziggurat
129097 | Zig:15   | Noticed a royal mummy
129105 | Zig:15   | Noticed a royal mummy
129109 | Zig:15   | Killed a royal mummy
129112 | Zig:15   | Noticed a royal mummy
129112 | Zig:15   | Noticed a royal mummy
129114 | Zig:15   | Noticed a royal mummy
129115 | Zig:15   | Killed a royal mummy
129120 | Zig:15   | Killed a royal mummy
129120 | Zig:15   | Killed a royal mummy
129125 | Zig:15   | Killed a royal mummy
129136 | Zig:15   | Identified the ring of Rien {+Blink rPois rCorr Int+6
                  | Stlth+}
129296 | Zig:15   | Identified the +6 chain mail "Haxotaez" {Str+8}
129464 | Zig:16   | Entered Level 16 of a ziggurat
129480 | Zig:16   | Noticed a dread lich
129485 | Zig:16   | Killed a dread lich
129498 | Zig:16   | Identified the ring "Cakont" {+Blink rN++ Str+6 Int+2 SInv}
129622 | Zig:16   | Identified the amulet of Hecine {RegenMP rF- Will+ rCorr
                  | Dex+7}
129626 | Zig:16   | Identified the +2 pair of boots of a Hundred Queens
                  | {Rampage Will- Str+4 Dex+2}
129631 | Zig:16   | Got the Vellum of Moving Black Mysteries
129752 | Zig:17   | Entered Level 17 of a ziggurat
129771 | Zig:17   | Noticed Xiw Aqul the pandemonium lord
129775 | Zig:17   | Killed Xiw Aqul the pandemonium lord
129776 | Zig:17   | Found the +12 glaive of Prune {freeze, Prune}
130003 | Zig:17   | Identified the +9 spear of Qaash {flame, Str+4}
130022 | Zig:17   | Identified the amulet "Qedodwim" {RegenMP rC+ rN+ rCorr
                  | Str+2}
130027 | Zig:17   | Identified the +4 war axe "Cin Lur" {freeze, rF+ Will+
                  | Dex+3}
130099 | Zig:18   | Entered Level 18 of a ziggurat
130120 | Zig:18   | Reached skill level 15 in Fire Magic
130329 | Zig:18   | Identified the +5 spear of the Genius {freeze, rElec
                  | Will+++ Str+3 Stlth+}
130338 | Zig:18   | Identified the staff of Qanoat {^Contam +Blink rC+ Int+3
                  | Earth}
130418 | Zig:19   | Entered Level 19 of a ziggurat
130493 | Zig:19   | Reached skill level 5 in Throwing
130495 | Zig:19   | Noticed Afasiu Qagi the pandemonium lord
130514 | Zig:19   | Identified the ring of Morality {rPois MP+9 EV+5 Dex+3}
130525 | Zig:19   | Killed Afasiu Qagi the pandemonium lord
130725 | Zig:19   | Identified the +1 chain mail of Nihilism {Str+3}
130866 | Zig:20   | Entered Level 20 of a ziggurat
130884 | Zig:20   | Noticed a royal mummy
130886 | Zig:20   | Noticed a royal mummy
130886 | Zig:20   | Noticed a royal mummy
130888 | Zig:20   | Noticed a royal mummy
130889 | Zig:20   | Killed a royal mummy
130891 | Zig:20   | Killed a royal mummy
130891 | Zig:20   | Noticed a royal mummy
130892 | Zig:20   | Killed a royal mummy
130892 | Zig:20   | Killed a royal mummy
130899 | Zig:20   | Killed a royal mummy
131209 | Zig:20   | Found the +7 great mace "Firestarter" {flame, immolate,
                  | rFlCloud rF++}
131242 | Zig:20   | Identified the staff "Jonen" {rC+ Will+ rCorr Earth}
131407 | Zig:21   | Entered Level 21 of a ziggurat
131477 | Zig:21   | Found the +3 salamander hide armour {Flames, rFlCloud rF++
                  | rC--}
131480 | Zig:22   | Entered Level 22 of a ziggurat
131557 | Zig:22   | Paralysed by a wendigo for 1 turns
131611 | Zig:22   | Reached skill level 10 in Dodging
131611 | Zig:22   | Reached skill level 10 in Shields
131851 | Zig:22   | Identified the +1 robe of the Soldier {Harm MP+9 Int+2}
131855 | Zig:22   | Identified the +4 executioner's axe "Kauladio" {heavy,
                  | rPois}
131858 | Zig:22   | Identified the staff "Ruar" {rN+ SInv Hexes Necro}
131870 | Zig:22   | Identified the +6 shortbow of Hubris {freeze, rPois rCorr
                  | Str+5 Dex-4}
131872 | Zig:22   | Identified the staff of the Middle {Fly rElec rF+ Fire Air}
131986 | Zig:22   | Identified the +4 hand axe "Goblinbane" {flame, *Slow Int+4
                  | Dex+4}
132078 | Zig:23   | Entered Level 23 of a ziggurat
132087 | Zig:23   | Noticed Beborios the pandemonium lord
132093 | Zig:23   | Killed Beborios the pandemonium lord
132099 | Zig:23   | Reached skill level 10 in Alchemy
132187 | Zig:23   | Identified the +0 short sword "Xiloi" {spect, Fly SInv}
132538 | Zig:23   | Identified the +11 quarterstaff of Finuujon {flame, rPois
                  | rF+}
132550 | Zig:23   | Identified the +3 plate armour of the Miller {rPois rF+}
132613 | Zig:23   | Identified the +3 fire dragon scales of Nesyd {rF++ rC-
                  | Str+6}
132682 | Zig:23   | Learned a level 9 spell: Fire Storm
132696 | Zig:24   | Entered Level 24 of a ziggurat
132767 | Zig:24   | Noticed an ancient lich
132779 | Zig:24   | Killed an ancient lich
132786 | Zig:24   | Noticed a dread lich
132793 | Zig:24   | Noticed an ancient lich
132793 | Zig:24   | Noticed an ancient lich
132793 | Zig:24   | Found the ring of the Hare {EV+10}
132793 | Zig:24   | Noticed an ancient lich
132797 | Zig:25   | Entered Level 25 of a ziggurat
132852 | Zig:25   | Noticed a dread lich
132854 | Zig:25   | Noticed a dread lich
132861 | Zig:25   | Found the +4 Cigotuvi's embrace {Corpsefed rMiasma ^Drain
                  | rN+}
132861 | Zig:25   | Found the +7 lajatang of Order {silver, rMut}
132865 | Zig:25   | Identified the ring "Fuawomum" {rCorr Str+6 Dex+2}
132866 | Zig:25   | Identified the +2 sling "Foonting" {freeze, Str+3}
132867 | Zig:25   | Identified the ring of Decau {rN+ Str+2 Int+6 Stlth+}
132868 | Zig:25   | Identified the +4 chain mail "Guttehuo" {rCorr}
132870 | Zig:26   | Entered Level 26 of a ziggurat
132932 | Zig:26   | Noticed Reid the pandemonium lord
132937 | Zig:26   | Noticed Nighej the pandemonium lord
132938 | Zig:26   | Noticed Titot the pandemonium lord
132942 | Zig:26   | Noticed Yreer the pandemonium lord
132942 | Zig:26   | Noticed Lulassas the pandemonium lord
132942 | Zig:26   | Noticed Huidak the pandemonium lord
132942 | Zig:26   | Noticed Ogaeqel the pandemonium lord
132942 | Zig:26   | Noticed Fytibbun the pandemonium lord
132943 | Zig:26   | Noticed Oderaj the pandemonium lord
132943 | Zig:26   | Noticed Qotz the pandemonium lord
132943 | Zig:26   | Noticed Yvusazoq the pandemonium lord
132947 | Zig:27   | Entered Level 27 of a ziggurat
133021 | Zig:27   | Killed from afar by a purple draconian shifter

Illustrated notes

Levels and vault maps discovered:
D:1:      kennysheep_arrival_seaside, layout_basic, nicolae_wormholes
D:2:      layout_basic, ebering_ecumenical_altar_webs
D:3:      layout_rooms, okawaru_gym_becter, uniq_robin
D:4:      layout_layer_cave, mainiacjoe_overflow_brackets, uniq_edmund
D:5:      layout_cave_pods, minmay_temple_entry_poolview, uniq_sigmund
D:6:      layout_gridville, nicolae_ossuary_entry_plus
D:7:      layout_basic, minitemple
D:8:      layout_layer_cave
D:9:      layout_basic, orc_0_dummy, kennysheep_small_square, uniq_maurice
D:10:     layout_loops_ring, dpeg_lair_monsters, minmay_hedge_maze,
          hangedman_decor_growths, minmay_fractal_squares_diagonal_5, uniq_urug
D:11:     fort_yaktaur, layout_rooms, mrwooster_statue_mirror,
          minmay_misc_feat_nine_boxes, nicolae_yredelemnul_corpse_copse
D:12:     minmay_the_grid_triangle_9x9_rhombus_thin_mashed
          [minmay_the_grid_triangle_9x9_zippers_vertical,
          minmay_the_grid_triangle_9x9_prize_center,
          minmay_the_grid_triangle_9x9_sparse_checkered,
          minmay_the_grid_triangle_9x9_swiss_cheese], layout_grid_maze,
          portal_ice_cave_entry_animals_and_master, nicolae_shop_gadgets,
          uniq_sonja
D:13:     layout_grid_maze, erik_vaults_1, chequers_serial_rivers_room_b,
          uniq_snorg
D:14:     layout_cave_pools, dreamdust_mushroom_princess,
          kennysheep_generic_room_9
D:15:     grunt_enter_depths_magical_seal, layout_cave_pools,
          nicolae_gozag_cash_rules_everything_around_me, lemuel_flamethrower_2,
          uniq_rupert
Temple:   hellmonk_temple_divided_pantheon
Lair:1:   layout_long_grid, serial_bayou_shore_b, lemuel_fruit_tree,
          serial_bayou_shore_b
Lair:2:   gammafunk_worm_tunnel, layout_gridlike, elwin_shoals_entry_rooms,
          nicolae_lair_grove_arrangements, serial_bayou_pond_a,
          serial_bayou_shore_b
Lair:3:   layout_chaotic_city, nicolae_spider_entry_tight_spaces
Lair:4:   layout_long_grid, dpeg_slime_entry_corner, ebering_ghost_rock_garden,
          chequers_serial_rivers_small_b, uniq_nessos
Lair:5:   gammafunk_lair_ancient_temple, layout_loops_ring, serial_bayou_shore_a
Shoals:1: cheibrodos_shoals_satyrical_garden, layout_shoals,
          gammafunk_ghost_berserking_beasts, serial_shops, shop
Shoals:2: layout_shoals, serial_shops, shop, uniq_polyphemus
Shoals:3: layout_shoals, nicolae_shoals_shepherds, uniq_ilsuiw, uniq_nikola
Shoals:4: shoals_end_hangedman, layout_shoals, serial_shops, shop
Spider:1: layout_chambers, ebering_ghost_reflecting_pool, uniq_azrael
Spider:2: layout_chambers, uniq_jorgrun, uniq_frances
Spider:3: layout_spider_delve, guppyfry_hornet_nest
Spider:4: guppyfry_spider_rune, nicolae_spider_bug_shape
Slime:1:  nicolae_slime_pool, layout_caves
Slime:2:  layout_caves, nicolae_slime_welcoming_committee
Slime:3:  layout_caves
Slime:4:  layout_caves, uniq_donald
Slime:5:  slime_pit_nicolae_block_by_block
Orc:1:    layout_diamond_mine, basic_altar, enter_volcano_1, sword_in_stone,
          uniq_fannar
Orc:2:    st_orc_pillars, layout_diamond_mine, ebering_ghost_inner_flame,
          serial_shops, shop
Elf:1:    elf_arrival_001, layout_geoelf_grid, ebering_ghost_xom,
          nicolae_elf_blasts_and_bolts, minmay_shoptagon, uniq_agnes
Elf:2:    nicolae_elf_blades_crystal_corner, layout_geoelf_grid,
          ploomutoo_gammafunk_ghost_potion_laboratory, serial_shops, shop,
          uniq_louise
Elf:3:    minmay_elf_hall_four_x, layout_rooms
Vaults:1: nicolae_vaults_tetromino_T_1, nicolae_vaults_house_2, v_misc_1,
          ontoclasm_vaults_decontamination, nicolae_vaults_trapezoid_2,
          nicolae_vaults_six-pack, nicolae_vaults_diamond_1,
          nicolae_vaults_little_squares_2, nicolae_vaults_asterisk,
          nicolae_vaults_ninety_degrees, nicolae_vaults_little_squares_6,
          hangedman_vaults_trim, hangedman_vaults_stitches,
          nicolae_vaults_surprise_closet_hard, layout_vaults_ring
Vaults:2: gammafunk_ghost_wrathful_warriors, nicolae_vaults_network_quincunx
          [nicolae_vaults_network_quincunx_subvault,
          nicolae_vaults_network_quincunx_subvault,
          nicolae_vaults_network_quincunx_subvault,
          nicolae_vaults_network_quincunx_subvault,
          nicolae_vaults_network_quincunx_subvault], hangedman_vaults_capsules,
          vaults_room_semicircle, v_misc_24, nicolae_vaults_little_squares_4,
          nicolae_vaults_offset_grid_hallway_1, nicolae_vaults_three_branches,
          layout_vaults_omnicross
Vaults:3: gammafunk_ghost_mausoleum, minmay_crypt_entry_simple_walls,
          nicolae_vaults_turnstiles, nicolae_vaults_rhombus_5,
          nicolae_vaults_asterisk, grunt_vaults_twisty,
          layout_vaults_chaotic_city, serial_shops, nicolae_book_shop_shelving,
          uniq_norris
Vaults:4: v_misc_12, nicolae_vaults_trapezoid_layered, vaults_dpeg_encased_lava,
          nicolae_vaults_bisected_exclaves, nicolae_vaults_closet_pinwheel_4,
          nicolae_vaults_closet_pinwheel_5, nicolae_vaults_tetromino_T_2,
          layout_vaults_quadrants, uniq_boris
Vaults:5
Crypt:1:  layout_gridlike, serial_sigils, serial_sigils_hangedman_gnaw,
          serial_sigils_hangedman_confine, serial_sigils_hangedman_snap,
          serial_sigils_hangedman_scar, serial_sigils_hangedman_etch,
          serial_sigils_hangedman_stare
Crypt:2:  layout_chaotic_city
Crypt:3:  quadcrypt_mu
Tomb:1
Depths:1: layout_gridlike, pan_entry, serial_sigils_hangedman_shear,
          hellmonk_ghost_happy_afterlife, lightli_too_deep, nrook_pool_corridor,
          hangedman_decor_peaks_small, drop_trap, kennysheep_potato,
          uniq_asterion, uniq_bai_suzhen
Depths:2: minmay_tri_stars, layout_gridlike, grunt_hell_entry_dis_grunt,
          trove_entry_hex_spiral, rand_demon_pan_entry_8, lemuel_tele_altar,
          nicolae_tricolors, minmay_staircase_windowed_large, firewood_loft
Depths:3: nicolae_cairo_tiling_very_big, layout_gridlike, enter_ziggurat_c,
          hell_entry, hangedman_abyss_or_decor_slice, serial_shops, shop,
          abyss_entry
Depths:4: grunt_zot_entry_funnels, layout_basic, minmay_misc_feat_diagonals,
          hangedman_coc_ice_floe, serial_bayou_pond_c,
          nicolae_qazlal_eye_of_the_storm
Hell
Zot:1:    layout_concentric_octagons, gammafunk_ghost_necromancy
Zot:2:    layout_cellular_growth, grunt_megastairs_2
Zot:3:    layout_gridlike, regret_index_zotdec_decaying_vile, zot_minivault_3
Zot:4:    layout_basic, hellmonk_ghost_big_iron
Zot:5:    layout_cellular_growth
Zig:27

Skill      XL: |  1  2  3  4  5  6  7  8  9 10 11 12 13 14 15 16 17 18 19 20 21 22 23 24 25 26 27 |
---------------+----------------------------------------------------------------------------------+-----
Stealth        | 1 2 4 |  4.0
Fighting       | 2 3 4 6 7 8 9 10 11 12 13 | 13.5
Evocations     | 3 4 6 7 8 9 10 13 | 13.5
Dodging        | 1 2 4 5 6 7 10 | 10.0
Long Blades    | 2 3 5 6 7 8 9 10 | 10.0
Armour         | 2 3 4 5 6 7 8 |  8.8
Spellcasting   | 3 6 7 9 10 11 12 13 15 16 17 18 20 22 25 26 | 26.0
Necromancy     | 4 7 9 10 11 | 11.0
Shields        | 1 3 5 6 7 10 | 10.0
Summonings     | 4 |  4.5
Translocations | 3 4 |  4.2
Air Magic      | 6 10 14 15 16 17 18 19 20 22 | 22.0
Conjurations   | 4 7 9 10 11 13 14 15 16 19 20 22 | 22.0
Earth Magic    | 2 3 4 5 |  5.0
Throwing       | 2 6 |  6.0
Alchemy        | 5 6 10 | 10.0
Fire Magic     | 3 5 6 10 16 | 16.6
Invocations    | 1 |  1.0

Action                     |  1- 3 |  4- 6 |  7- 9 | 10-12 | 13-15 | 16-18 | 19-21 | 22-24 | 25-27 || total
---------------------------+-------+-------+-------+-------+-------+-------+-------+-------+-------++-------
  Melee: Club              |    17 |       |       |       |       |       |       |       |       ||    17
         Dagger            |    78 |       |       |       |       |       |       |       |       ||    78
         Punch             |     3 |     5 |       |     7 |       |       |       |       |       ||    15
         Short sword       |   132 |    33 |       |       |       |       |       |       |       ||   165
         Falchion          |       |    90 |   243 |       |       |       |       |       |       ||   333
         Long sword        |       |       |    70 |   272 |   243 |       |       |       |       ||   585
         Flail             |       |       |       |       |     9 |     2 |       |       |       ||    11
         Scimitar          |       |       |       |       |     5 |       |       |       |       ||     5
         Staff             |       |       |       |       |       |     4 |    36 |    15 |       ||    55
  Throw: Stone             |     4 |     1 |     7 |    14 |     6 |       |       |       |       ||    32
         Dart              |       |       |       |       |     3 |     2 |     2 |       |       ||     7
         Throwing net      |       |       |       |       |       |       |       |       |     1 ||     1
   Cast: Vampiric Draining |       |       |    13 |   140 |   671 |    42 |     3 |       |       ||   869
         Call Canine Famil |       |       |       |       |    10 |       |       |       |       ||    10
         Apportation       |       |       |       |       |    28 |     5 |    19 |     9 |    11 ||    72
         Blink             |       |       |       |       |     1 |     1 |     4 |     9 |    14 ||    29
         Arcjolt           |       |       |       |       |   202 |   132 |   114 |   211 |     1 ||   660
         Airstrike         |       |       |       |       |   224 |   405 |   252 |       |     4 ||   885
         Vhi's Electric Ch |       |       |       |       |     1 |       |       |       |       ||     1
         Conjure Ball Ligh |       |       |       |       |       |   302 |   277 |    28 |       ||   607
         Maxwell's Capacit |       |       |       |       |       |     3 |     5 |    52 |   128 ||   188
         Stone Arrow       |       |       |       |       |       |       |    73 |     5 |       ||    78
         Passwall          |       |       |       |       |       |       |     5 |     3 |       ||     8
         Dispel Undead     |       |       |       |       |       |       |     7 |    29 |    13 ||    49
         Plasma Beam       |       |       |       |       |       |       |       |   424 |   159 ||   583
         Irradiate         |       |       |       |       |       |       |       |    28 |     6 ||    34
         Lee's Rapid Decon |       |       |       |       |       |       |       |    25 |    18 ||    43
         Chain Lightning   |       |       |       |       |       |       |       |     9 |   223 ||   232
         Ignition          |       |       |       |       |       |       |       |       |    54 ||    54
         Fire Storm        |       |       |       |       |       |       |       |       |     3 ||     3
 Invoke: Oozemancy         |       |     1 |     6 |     6 |    11 |       |       |       |       ||    24
         Renounce Religion |       |       |       |       |     1 |       |       |       |       ||     1
         Potion Petition   |       |       |       |       |       |     1 |     2 |    12 |    46 ||    61
         Call Merchant     |       |       |       |       |       |       |       |       |     4 ||     4
  Evoke: Wand              |    14 |    12 |     1 |     7 |    22 |    24 |    23 |    14 |    31 ||   148
         Lightning rod     |       |       |       |       |     5 |    17 |    23 |    20 |    20 ||    85
         Tin of tremorston |       |       |       |       |     4 |     7 |     8 |     6 |     7 ||    32
         Phantom mirror    |       |       |       |       |     1 |     2 |     1 |     1 |     1 ||     6
         Box of beasts     |       |       |       |       |     1 |       |       |       |       ||     1
         Phial of floods   |       |       |       |       |       |     2 |     3 |       |     4 ||     9
    Use: Scroll            |     4 |     1 |     7 |     2 |     8 |    13 |    14 |    21 |    58 ||   128
   Stab: Sleeping          |     1 |       |       |     1 |       |       |       |       |       ||     2
 Armour: Leather armour    |   142 |    37 |       |   455 |   795 |   791 |   724 |   374 |   227 ||  3545
         Scale mail        |       |    56 |    88 |       |       |       |       |       |       ||   144
         Ring mail         |       |       |   163 |    30 |       |       |       |       |       ||   193
         Robe              |       |       |       |       |       |       |       |     9 |   207 ||   216
  Dodge: Dodged            |   155 |    71 |   143 |   334 |   594 |   177 |   179 |   203 |   175 ||  2031
  Block: Buckler           |       |       |       |       |   301 |   166 |   102 |   156 |    79 ||   804
         Reflection        |       |       |       |       |    12 |    51 |       |     3 |     1 ||    67

Table legend: (Time is in decaauts)
 A = Elapsed time spent in this place.
 B = Non-inter-level travel time spent in this place.
 C = Inter-level travel time spent in this place.
 D = Time resting spent in this place.
 E = Time spent auto-exploring this place.
 F = Levels seen in this place.
 G = Mean time per level.
                   A        B        C        D        E       F      G
               +--------+--------+--------+--------+--------+-----+--------+
         Total | 133433 | 125203 |   8230 |  22976 |  79401 |  91 | 1466.3 |
       Dungeon |  23765 |  21609 |   2156 |   1200 |  16269 |  15 | 1584.3 |
        Temple |     59 |     29 |     30 |      0 |      0 |   1 |   59.0 |
          Lair |   8811 |   7329 |   1482 |    384 |   4398 |   5 | 1762.2 |
        Shoals |  14788 |  14245 |    543 |   2178 |  10471 |   4 | 3697.0 |
   Spider Nest |  12192 |  11847 |    345 |   3180 |   7263 |   4 | 3048.0 |
    Slime Pits |   1525 |   1397 |    128 |     27 |   1064 |   5 |  305.0 |
  Orcish Mines |   4147 |   3763 |    384 |    205 |   2528 |   2 | 2073.5 |
   Elven Halls |  10504 |  10084 |    420 |   3052 |   5373 |   3 | 3501.3 |
        Vaults |  14995 |  13814 |   1181 |   1975 |   9291 |   5 | 2999.0 |
         Crypt |   7622 |   7173 |    449 |    819 |   5035 |   3 | 2540.7 |
          Tomb |   2058 |   1920 |    138 |    695 |    786 |   1 | 2058.0 |
        Depths |  10267 |   9755 |    512 |    430 |   7898 |   4 | 2566.8 |
          Hell |   1150 |   1140 |     10 |     60 |    846 |   1 | 1150.0 |
           Zot |  12472 |  12026 |    446 |   6062 |   4403 |   5 | 2494.4 |
         Abyss |    264 |    264 |      0 |     78 |      0 |   2 |  132.0 |
      Ziggurat |   5928 |   5928 |      0 |   1255 |   3222 |  27 |  219.6 |
         Trove |    104 |    104 |      0 |      0 |     43 |   1 |  104.0 |
       Ossuary |    395 |    395 |      0 |      7 |    131 |   1 |  395.0 |
      Ice Cave |   2143 |   2143 |      0 |   1367 |    264 |   1 | 2143.0 |
       Volcano |    234 |    234 |      0 |      0 |    113 |   1 |  234.0 |
               +--------+--------+--------+--------+--------+-----+--------+

Top non-repeatable levels by time:
   Zot:5: 5205 daAuts
Shoals:4: 4184 daAuts
Shoals:1: 4057 daAuts
   Elf:2: 3944 daAuts
   Elf:3: 3699 daAuts
Spider:4: 3531 daAuts
Vaults:5: 3522 daAuts
Vaults:3: 3445 daAuts
 Crypt:3: 3444 daAuts
Spider:2: 3428 daAuts
Shoals:3: 3341 daAuts
Depths:4: 3310 daAuts
Shoals:2: 3205 daAuts
    D:13: 2978 daAuts
   Orc:2: 2902 daAuts
